 Dungeon Crawl Stone Soup version 0.30-a0-883-g5ad918d77d (webtiles) character file.

Game seed: 13239388979012895864

1080 bobarctor the Magician (level 8, -3/52 HPs)
             Began as a Demonspawn Necromancer on Mar 17, 2023.
             Killed by divine providence
             ... invoked by an orc priest
              (10 damage)
             ... on level 6 of the Dungeon.
             The game lasted 00:33:43 (6836 turns).

bobarctor the Magician (Demonspawn Necromancer)     Turns: 6836, Time: 00:33:44

Health: -3/52      AC:  3    Str:  8    XL:     8   Next: 8%
Magic:  11/18      EV: 12    Int: 20    God:
Gold:   87         SH:  0    Dex: 15    Spells: 5/20 levels left

rFire   . . .      SeeInvis .    A - +2 mace (protect)
rCold   . . .      Faith    .    (no shield)
rNeg    . . .      Spirit   .    F - +0 robe
rPois   .          Reflect  .    (helmet restricted)
rElec   .          Rampage  .    u - +0 cloak
rCorr   .                        (no gloves)
Will    .....                    (no boots)
Stlth   ++                       (no amulet)
HPRegen 0.28/turn                (no ring)
MPRegen 0.16/turn                (no ring)

@: swift, very quick
A: horns 1, ignite blood 1, powered by pain 2, big brain 1
a: no special abilities


You were on level 6 of the Dungeon.
You visited 2 branches of the dungeon, and saw 7 of its levels.

You collected 295 gold pieces.
You spent 208 gold pieces at shops.

Inventory:

Hand Weapons
 n - a +3 whip of freezing
 A - a +2 mace of protection (weapon)
Missiles
 j - 5 boomerangs of dispersal
 k - 10 silver javelins
 o - 7 poisoned darts
Armour
 u - a +0 cloak (worn)
 F - a +0 robe (worn)
Wands
 s - a wand of iceblast (4)
Scrolls
 i - 2 scrolls of poison {unknown}
 p - 2 scrolls of teleportation {unknown}
 r - 2 scrolls of noise {unknown}
 t - 2 scrolls of butterflies {unknown}
 B - a scroll of blinking
 D - a scroll of acquirement {unknown}
Potions
 b - 3 potions of magic
 c - 4 potions of heal wounds
 e - 2 potions of brilliance
 g - 2 potions of mutation {unknown}
 l - a potion of cancellation {unknown}
 m - a potion of invisibility {unknown}
 v - 3 potions of haste
 w - a potion of ambrosia {unknown}
 x - a potion of curing
 z - a potion of berserk rage


   Skills:
 + Level 2.5 Dodging
 + Level 2.1 Stealth
 * Level 6.6 Spellcasting
 + Level 0.8 Conjurations
 + Level 6.4 Necromancy
 * Level 2.3 Air Magic
 * Level 2.2 Poison Magic


You had 5 spell levels left.
You knew the following spells:

 Your Spells              Type           Power      Damage    Failure   Level
a - Necrotise             Necr           100%       1d9       1%          1
b - Vampiric Draining     Necr           32%        2d8       1%          3
c - Mephitic Cloud        Conj/Pois/Air  13%        N/A       14%         3
d - Shock                 Conj/Air       48%        1d6       5%          1
e - Swiftness             Air            15%        N/A       12%         3
f - Airstrike             Air            7%         2d(2-18)  36%         4

Your spell library contained the following spells:

 Spells                   Type           Power      Damage    Failure   Level
 Magic Dart               Conj           36%        1d4       7%          1
 Animate Dead             Necr           32%        N/A       7%          4
 Apportation              Tloc           12%        N/A       10%         1
 Call Imp                 Summ           6%         N/A       16%         2
 Agony                    Necr           32%        N/A       19%         5
 Alistair's Intoxication  Tmut/Pois      7%         N/A       86%         5


Dungeon Overview and Level Annotations

Branches:
Dungeon (6/15)             Temple (1/1) D:6

Altars:
Ashenzari
Dithmenos
Fedhas
Gozag
Hepliaklqana
Nemelex Xobeh
Okawaru
Qazlal
Ru
Sif Muna
Trog
Uskayaw
Yredelemnul

Shops:
D:5 ?


Innate Abilities, Weirdness & Mutations

You have a pair of small horns on your head.
Your demonic aura sometimes causes spilled blood to erupt in flames.
You sometimes gain power by taking damage.
You have an unusually large brain. (Int +2)


Message History

Confirm with . or Enter, or press ? or * to list all spells.
Aiming: Vampiric Draining (dangerous; 2% risk of failure)
Press: ? - help, Shift-Dir - straight line, f/p - orc wizard
Aim: an orc wizard, wielding a +0 dagger and wearing a +0 robe (almost dead)
You draw life force from the orc wizard!
You kill the orc wizard!
The orc hits you with a +0 club. The orc misses you.
Your orc wizard skeleton hits the orc.
The orc priest hits you but does no damage.
The orc hits you with a +0 hand axe. The orc attacks as you move away!
The orc barely misses you.
The orc hits your orc wizard skeleton with a +0 club.
Your orc wizard skeleton hits the orc.
The orc attacks as you move away! The orc misses you.
The orc hits your orc wizard skeleton with a +0 hand axe.
The orc hits your orc wizard skeleton with a +0 club.
The orc priest calls down the wrath of Beogh upon you.
Beogh smites you!
Your orc wizard skeleton closely misses the orc.
The orc attacks as you move away! The orc hits you with a +0 hand axe.
* * * LOW HITPOINT WARNING * * *
The orc hits your orc wizard skeleton with a +0 hand axe.
The orc closely misses you.
Your orc wizard skeleton barely misses the water moccasin.
Casting: Vampiric Draining (safe; 1% risk of failure)
Confirm with . or Enter, or press ? or * to list all spells.
You feel quick. The orc hits you with a +0 hand axe.
* * * LOW HITPOINT WARNING * * *
The orc hits you with a +0 hand axe.
* * * LOW HITPOINT WARNING * * *
Casting: Swiftness (dangerous; 12% risk of failure)
Confirm with . or Enter, or press ? or * to list all spells.
Aiming: Vampiric Draining (safe; 1% risk of failure)
Press: ? - help, Shift-Dir - straight line, f - orc
Aim: an orc, wielding a +0 hand axe and wearing a +0 leather armour (ally target)
Okay, then.
Your orc wizard skeleton misses the orc.
The orc priest invokes the aid of Beogh against you.
Beogh smites you!
You die...

... #.........# #..#
#.........##...... ...
#......>..#.....o. ##
#.###.........#....... .#######
###..>.................. .......#
#...............#.....o.
...###.###.##............#......o
##.#....○#.##...@.o..............
#..#.....#....####S...###.#..
#....._....[.######..o# #.#.#
#.##.....###........#o###.#.# ..
#○...§# ...####.o#..##...# ..
###.######..>.......)....# #.
###....#.......#...).....# ..
...........###...........# ##
........................#


You could see a water moccasin, an orc priest and 2 orcs.

Vanquished Creatures
  A water moccasin (D:5)
  An ice beast (D:6)
  A black bear (D:6)
  A phantom (D:5)
  Blork the orc (D:5)
  A scorpion (D:4)
  A quasit (D:4)
  2 jellies (D:6)
  5 hounds
  2 sleepcaps (D:5)
  4 orc wizards
  5 adders
  4 gnolls
  2 shadow imps (D:4)
  3 ufetubi
  A worm (D:3)
  2 dart slugs
  10 orcs
  8 ball pythons
  4 endoplasms
  A goblin (D:1)
  4 hobgoblins
  A quokka (D:1)
  5 bats
  3 frilled lizards
  10 kobolds
  5 rats
88 creatures vanquished.

Vanquished Creatures (collateral kills)
  An endoplasm (D:2)
  A frilled lizard (D:2)
2 creatures vanquished.

Vanquished Creatures (others)
  2 demonic plants (D:4)
  8 plants (D:5)
10 creatures vanquished.

Grand Total: 100 creatures vanquished

Notes
Turn   | Place    | Note
-------+----------+-------------------------------------------
     0 | D:1      | bobarctor the Demonspawn Necromancer began the quest for
                  | the Orb.
     0 | D:1      | Reached XP level 1. HP: 13/13 MP: 3/3
   700 | D:1      | Gained mutation: Your demonic aura sometimes causes spilled
                  | blood to erupt in flames. [demonic ancestry]
   700 | D:1      | Reached XP level 2. HP: 19/19 MP: 0/5
  1182 | D:2      | Reached skill level 5 in Necromancy
  1182 | D:2      | Reached XP level 3. HP: 24/24 MP: 3/6
  1406 | D:2      | Learned a level 3 spell: Vampiric Draining
  1410 | D:2      | Learned a level 3 spell: Mephitic Cloud
  1830 | D:2      | Gained mutation: You have a pair of small horns on your
                  | head. [demonic ancestry]
  1830 | D:2      | Reached XP level 4. HP: 13/30 MP: 1/8
  2129 | D:3      | Learned a level 1 spell: Shock
  2203 | D:3      | Found a bloodstained altar of Trog.
  2922 | D:4      | Noticed a scorpion
  2938 | D:4      | Killed a scorpion
  2939 | D:4      | Reached skill level 1 in Poison Magic
  2939 | D:4      | Gained mutation: You have an unusually large brain. (Int
                  | +2) [demonic ancestry]
  2939 | D:4      | Reached XP level 5. HP: 19/35 MP: 1/10
  3171 | D:4      | Reached skill level 1 in Air Magic
  3496 | D:4      | Reached XP level 6. HP: 10/41 MP: 3/12
  3951 | D:4      | Identified the +5 ring mail of the Camelopard {rC++ Int-5}
  4032 | D:5      | Entered Level 5 of the Dungeon
  4364 | D:5      | Found a blossoming altar of Fedhas.
  4414 | D:5      | Found Qunak's Magic Scroll Emporium.
  4471 | D:5      | Bought a scroll of identify for 22 gold pieces
  4471 | D:5      | Bought a scroll of identify for 22 gold pieces
  4471 | D:5      | Bought a scroll of blinking for 82 gold pieces
  4471 | D:5      | Bought a scroll of enchant armour for 82 gold pieces
  4524 | D:5      | Noticed a water moccasin
  4533 | D:5      | Killed a water moccasin
  4534 | D:5      | Reached skill level 5 in Spellcasting
  4632 | D:5      | Gained mutation: You sometimes gain a little power by
                  | taking damage. [demonic ancestry]
  4632 | D:5      | Reached XP level 7. HP: 46/46 MP: 11/14
  4721 | D:5      | Noticed Blork the orc
  4728 | D:5      | Killed Blork the orc
  5257 | D:5      | Identified the +4 ring mail "Doosm" {rC- rCorr Int+5 SInv}
  6300 | D:6      | Found a stormy altar of Qazlal.
  6311 | D:6      | Learned a level 3 spell: Swiftness
  6316 | D:6      | Learned a level 4 spell: Airstrike
  6327 | D:6      | Gained mutation: You sometimes gain power by taking damage.
                  | [demonic ancestry]
  6327 | D:6      | Reached XP level 8. HP: 52/52 MP: 13/17
  6451 | D:6      | Found a staircase to the Ecumenical Temple.
  6461 | Temple   | Entered the Ecumenical Temple
  6836 | D:6      | Killed from afar by an orc priest

Illustrated notes

Levels and vault maps discovered:
D:1:      amcnicky_arrival_underground_garden, layout_basic
D:2:      layout_rooms
D:3:      layout_loops_ring, lemuel_crystal_altar
D:4:      minmay_door_path, layout_cave_pods, serial_demonic, serial_demonic_g,
          serial_demonic_g, serial_demonic_e, serial_demonic_c,
          serial_demonic_d, serial_demonic_f
D:5:      mumra_celtic_spiral_tile, layout_loops_ring,
          fedhas_altar_decomposition, serial_shops, nicolae_square_shop,
          uniq_blork_the_orc
D:6:      layout_rooms, grunt_qazlal_clouds, nicolae_overflow_hidden_temple,
          lemuel_temple_firewalk_a
Temple:   dpeg_chambers_temple

Skill      XL: |  1  2  3  4  5  6  7 |
---------------+----------------------+-----
Necromancy     | 5 6 |  6.4
Spellcasting   | 3 4 5 6 |  6.6
Dodging        | 2 |  2.5
Poison Magic   | 1 2 |  2.2
Stealth        | 2 |  2.1
Air Magic      | 1 2 |  2.3
Conjurations   | |  0.8

Action                     |  1- 3 |  4- 6 |  7- 9 || total
---------------------------+-------+-------+-------++-------
  Melee: Dagger            |     6 |       |       ||     6
         Whip              |     8 |    60 |       ||    68
         Headbutt          |       |     9 |     4 ||    13
         Mace              |       |       |    22 ||    22
   Cast: Necrotise         |    38 |    45 |    51 ||   134
         Vampiric Draining |     4 |     9 |     7 ||    20
         Shock             |       |    24 |    11 ||    35
         Swiftness         |       |       |     1 ||     1
    Use: Scroll            |       |     9 |     1 ||    10
         Potion            |       |       |     2 ||     2
   Stab: Sleeping          |     1 |     3 |       ||     4
 Armour: Robe              |     5 |    28 |    20 ||    53
  Dodge: Dodged            |    23 |    74 |    61 ||   158

Table legend: (Time is in decaauts)
 A = Elapsed time spent in this place.
 B = Non-inter-level travel time spent in this place.
 C = Inter-level travel time spent in this place.
 D = Time resting spent in this place.
 E = Time spent auto-exploring this place.
 F = Levels seen in this place.
 G = Mean time per level.
                   A        B        C        D        E       F      G
               +--------+--------+--------+--------+--------+-----+--------+
         Total |   6863 |   6610 |    253 |   1310 |   4350 |   7 |  980.4 |
       Dungeon |   6595 |   6362 |    233 |   1310 |   4123 |   6 | 1099.2 |
        Temple |    268 |    248 |     20 |      0 |    227 |   1 |  268.0 |
               +--------+--------+--------+--------+--------+-----+--------+

Top non-repeatable levels by time:
     D:5: 1615 daAuts
     D:4: 1482 daAuts
     D:1: 1097 daAuts
     D:2: 909 daAuts
     D:3: 881 daAuts
     D:6: 608 daAuts
  Temple: 268 daAuts
